 Dungeon Crawl Stone Soup version 0.31.0-11-ge490571c62 (webtiles) character file.

Game seed: 11670237185998528392

120 ezpacito the Chopper (level 4, -1/35 HPs)
             Began as a Demonspawn Berserker on Jan 30, 2024.
             Was a Believer of Trog.
             Slain by a gnoll
             ... wielding a +0 halberd
              (11 damage)
             ... on level 2 of the Dungeon.
             The game lasted 00:03:11 (1289 turns).

ezpacito the Chopper (Demonspawn Berserker)         Turns: 1289, Time: 00:03:11

Health: -1/35      AC:  3    Str: 23    XL:     4   Next: 75%
Magic:  4/4        EV: 12    Int:  7    God:    Trog [**....]
Gold:   18         SH:  0    Dex: 15    Spells: 3/3 levels left

rFire   + . .        a - +0 hand axe
rCold   + . .        (no shield)
rNeg    . . .        r - +0 robe {Will+}
rPois   +            (no helmet)
rElec   +            (no cloak)
rCorr   +            (no gloves)
SInv    .            m - +0 pair of boots
Will    +....        k - amulet of regeneration
Stlth   ++           n - +6 ring of strength
HPRegen 1.05/turn    (no ring)
MPRegen 0.09/turn

%: no passive effects
@: resistant, on berserk cooldown, slowed, very slow
A: claws 1
a: Renounce Religion, Berserk, Trog's Hand


You were on level 2 of the Dungeon.
You worshipped Trog.
Trog was pleased with you.
You visited 1 branch of the dungeon, and saw 2 of its levels.

You collected 40 gold pieces.
You spent 22 gold pieces at shops.

Inventory:

Hand Weapons
 a - a +0 hand axe (weapon)
 l - a +0 sling
 s - a +1 flail of protection
Missiles
 e - 16 stones (quivered)
Armour
 m - a +0 pair of boots (worn)
 r - a +0 robe of willpower (worn)
Jewellery
 k - an amulet of regeneration (around neck)
 n - a +6 ring of strength (left claw)
Scrolls
 i - a scroll of vulnerability
 j - a scroll of revelation {unknown}
 p - 3 scrolls of fear
Potions
 b - a potion of mutation {unknown}
 c - a potion of invisibility {unknown}
 d - a potion of resistance
 f - a potion of degeneration {unknown}
 g - a potion of might {unknown}
 h - a potion of cancellation {unknown}
 o - a potion of berserk rage {unknown}
 q - a potion of brilliance {unknown}


   Skills:
 * Level 3.4 Fighting
 * Level 3.6 Axes
 * Level 0.5 Ranged Weapons
 * Level 0.9 Throwing
 * Level 2.0 Armour
 * Level 2.4 Dodging
 * Level 1.0 Stealth
 * Level 0.5 Unarmed Combat


You had 3 spell levels left.
You didn't know any spells.
Your spell library contained the following spells:

 Spells                   Type           Power      Damage    Failure   Level
 Magic Dart               Conj           0%         1d3       43%         1
 Blink                    Tloc           0%         N/A       56%         2
 Call Imp                 Summ           0%         N/A       56%         2
 Fugue of the Fallen      Necr           0%         N/A       80%         3
 Ozocubu's Armour         Ice            0%         N/A       80%         3
 Manifold Assault         Tloc           0%         N/A       99%         4


Dungeon Overview and Level Annotations

Branches:
Dungeon (2/15)

Altars:

Shops:
D:2 ?


Innate Abilities, Weirdness & Mutations

You have sharp fingernails.


Message History

You slash the gnoll!
The gnoll is almost dead.
You hit the gnoll but do no damage.
The gnoll is almost dead.
The gnoll closely misses you.
You hit the gnoll.
You kill the gnoll!
Trog accepts your kill.
A gnoll comes into view. It is wielding a +0 halberd.
The gnoll shouts!
Items here: ))) ††.
s - a +1 flail of protection You feel a strong urge to attack something.
You are no longer berserk.
You are exhausted.
You feel yourself slow down.
Found an escape hatch in the floor.
The gnoll barely misses you. x2
You hit the gnoll.
The gnoll is lightly wounded.
The gnoll barely misses you. The gnoll hits you with a +0 halberd!
You are too injured to fight recklessly!
You are too injured to fight recklessly!
You are too injured to fight recklessly!
You are too injured to fight recklessly!
You are too injured to fight recklessly!
You are too injured to fight recklessly!
You are too injured to fight recklessly!
You are too injured to fight recklessly!
You are too injured to fight recklessly!
You are too injured to fight recklessly!
Okay, then.
You barely miss the gnoll.
The gnoll is lightly wounded.
The gnoll hits you with a +0 halberd!
* * * LOW HITPOINT WARNING * * *
It was a potion of resistance.
You feel protected. The gnoll barely misses you.
The gnoll hits you with a +0 halberd!
You die...

.# ....##.#..# .#
#....... .# ##...... .#
#....##. .# #.##.###. .#
#.##.# #. .# ##.##.###.
.#
###############.....>...
.#
#>....g@..)......#####..
.# #.############...#
#.. .# #.# #...# #.. .#
#.# # #...#####.. .# #.#
.. #.......... .# #.# .#
##.##.#.#.. .# #.# .#
#.##.#.#.# .# #.##.##
#.##.#.#.#
.####.#...#########
#.##.#.#.#


You could see a gnoll.

Vanquished Creatures
  8 gnolls
  A dart slug (D:1)
  A ribbon worm (D:2)
  6 ball pythons
  4 bats
  4 endoplasms
  A giant cockroach (D:1)
  6 hobgoblins
  3 jackals (D:1)
  2 quokkas (D:2)
  A frilled lizard (D:1)
  3 kobolds
  2 rats (D:1)
42 creatures vanquished.

Notes
Turn   | Place    | Note
-------+----------+-------------------------------------------
     0 | D:1      | ezpacito the Demonspawn Berserker began the quest for the
                  | Orb.
     0 | D:1      | Reached XP level 1. HP: 18/18 MP: 1/1
   250 | D:1      | Gained mutation: You have sharp fingernails. [demonic
                  | ancestry]
   250 | D:1      | Reached XP level 2. HP: 24/24 MP: 2/2
   405 | D:1      | Reached XP level 3. HP: 29/29 MP: 3/3
   692 | D:1      | Reached ** piety under Trog
   925 | D:2      | Reached XP level 4. HP: 35/35 MP: 4/4
  1107 | D:2      | Found Ofeotup's Magic Scroll Shoppe.
  1114 | D:2      | Bought a scroll of identify for 22 gold pieces
  1264 | D:2      | Reached skill level 1 in Stealth
  1289 | D:2      | Slain by a gnoll

Illustrated notes

Levels and vault maps discovered:
D:1:      psy_arrival_fountain, layout_basic
D:2:      layout_loops_ring, serial_shops, shop

Skill      XL: |  1  2  3  4 |
---------------+-------------+-----
Dodging        | 2 |  2.4
Axes           | 3 |  3.6
Armour         | 2 |  2.0
Stealth        | 1 |  1.0
Fighting       | |  3.4
Ranged Weapons | |  0.5
Throwing       | |  0.9
Unarmed Combat | |  0.5

Action                     |  1- 3 |  4- 6 || total
---------------------------+-------+-------++-------
  Melee: Hand axe          |    87 |    61 ||   148
         Punch             |     1 |     1 ||     2
 Invoke: Berserk           |     1 |     1 ||     2
    Use: Scroll            |       |     2 ||     2
         Potion            |       |     1 ||     1
   Stab: Sleeping          |     3 |     3 ||     6
 Armour: Animal skin       |    35 |    13 ||    48
         Robe              |       |    17 ||    17
  Dodge: Dodged            |    56 |    32 ||    88
